Map: Deathaura LE

Players

PtitDrogo

  • Race: Protoss Protoss
  • League: Master
  • Spawn Location: 5:00

DRG - Winner!

  • Race: Zerg Zerg
  • Spawn Location: 11:00

Event: War Chest Team League

VOD

Have the link to the VOD?

Description

Time

  • Played on: Aug. 16, 2020, 11:10 a.m.
  • Length: 10:56
Show
View Real Time Build Order
Export as new Build Order

PtitDrogo Protoss 

Build Orders: 1 Gate Expand, Oracle Opening, Archon Immortal, Archon Drop 

Get SALT Encoding   

  12  0:00  Probe  
  13  0:12  Probe  
  14  0:18  Pylon  
  14  0:25  Probe (Chrono Boost)  
  15  0:29  Assimilator  
  15  0:37  Probe (Chrono Boost)  
  16  0:43  Gateway  
  16  0:46  Probe (Chrono Boost)  
  17  0:53  Probe  
  18  1:05  Probe  
  19  1:17  Probe  
  20  1:22  Nexus  
  20  1:32  Cybernetics Core  
  20  1:36  Probe  
  20  1:39  Assimilator  
  21  1:48  Probe  
  21  1:50  Pylon  
  22  2:00  Probe  
  23  2:06  Adept (Chrono Boost)  
  23  2:09  Warp Gate  
  23  2:12  Probe  
  26  2:20  Stargate  
  26  2:26  Adept (Chrono Boost)  
  26  2:28  Probe (Chrono Boost)  
  29  2:34  Probe (Chrono Boost)  
  30  2:44  Probe x2 (Chrono Boost)  
  32  2:48  Stalker  
  32  2:49  Probe (Chrono Boost)  
  32  2:50  Probe  
  36  3:01  Probe  
  36  3:02  Probe  
  36  3:03  Oracle (Chrono Boost)  
  41  3:07  Pylon  
  41  3:13  Probe  
  41  3:15  Gateway  
  41  3:17  Probe  
  43  3:25  Probe  
  44  3:34  Probe  
  44  3:36  Oracle (Chrono Boost)  
  48  3:46  Pylon, Probe x2  
  50  3:51  Nexus  
  50  3:58  Probe  
  51  4:06  Probe  
  51  4:08  Stalker  
  54  4:10  Probe  
  54  4:12  Robotics Facility  
  54  4:14  Assimilator  
  54  4:16  Assimilator  
  55  4:18  Probe  
  55  4:21  Shield Battery  
  55  4:23  Probe  
  57  4:27  Twilight Council  
  57  4:30  Forge, Probe  
  58  4:35  Probe  
  59  4:40  Gateway  
  59  4:42  Probe  
  59  4:43  Gateway  
  60  4:47  Pylon, Probe, Protoss Ground Weapons Level 1 (Chrono Boost)  
  61  4:54  Charge  
  61  5:02  Warp Prism  
  61  5:07  Templar Archives  
  63  5:10  Probe x2  
  65  5:19  Gateway  
  65  5:22  Gateway  
  65  5:27  Gateway x2  
  65  5:29  Probe  
  65  5:31  Probe x2  
  68  5:38  Pylon  
  68  5:41  Probe  
  69  5:43  Probe  
  70  5:55  Zealot x2  
  70  5:56  Zealot x2  
  78  5:57  Probe  
  78  5:59  Photon Cannon, Probe  
  80  6:06  Probe  
  80  6:09  Probe  
  82  6:12  Photon Cannon  
  82  6:13  Pylon  
  82  6:15  High Templar  
  82  6:16  High Templar x2  
  82  6:17  Pylon, High Templar, Zealot  
  92  6:22  Archon x2  
  92  6:26  Pylon  
  92  6:31  Pylon  
  92  6:33  Zealot x3  
  92  6:35  Photon Cannon  
  98  6:46  Protoss Ground Weapons Level 2 (Chrono Boost)  
  98  6:50  High Templar x2  
  98  6:51  Zealot x3  
  108  6:56  Archon  
  108  6:58  Stalker x3  
  106  7:12  Zealot x3  
  106  7:13  Immortal (Chrono Boost)  
  97  7:23  Zealot x5  
  97  7:24  Probe  
  97  7:28  Probe x2  
  99  7:34  Zealot x3  
  99  7:36  Blink (Chrono Boost)  
  101  7:40  Probe x2  
  99  7:51  Immortal (Chrono Boost)  
  101  7:52  Assimilator x2  
  101  7:54  Sentry  
  101  7:55  Zealot x3  
  107  8:00  Zealot x2  
  111  8:14  Immortal (Chrono Boost)  
  111  8:18  High Templar  
  117  8:21  Pylon  
  117  8:22  Pylon  
  117  8:23  High Templar  
  117  8:29  Archon  
  117  8:40  Pylon  
  117  8:47  Zealot x6  
  132  8:48  Immortal  
  132  8:56  Gateway  
  132  8:59  Gateway  
  131  9:09  Nexus  
  131  9:10  Pylon  
  131  9:12  Pylon  
  131  9:14  Pylon  
  121  9:29  Stalker x3  
  121  9:31  Stalker  
  121  9:32  Zealot x4  
  111  9:47  Immortal (Chrono Boost)  
  115  9:53  Stalker  
  115  9:54  High Templar x4  
  115  9:55  High Templar x2  
  115  9:56  Zealot  
  115  9:59  Archon x3  
  113  10:11  Probe x2  
  113  10:14  Assimilator  
  105  10:17  Zealot x2  
  109  10:28  Zealot x6  
  115  10:30  Assimilator  
  105  10:39  Zealot  
  105  10:40  Zealot  
Show
View Real Time Build Order
Export as new Build Order

DRG Zerg - Winner!

Build Orders: Hatch First 

Get SALT Encoding   

  12  0:00  Drone  
  13  0:12  Overlord  
  13  0:17  Drone  
  14  0:31  Drone x2  
  16  0:48  Hatchery  
  15  0:51  Drone  
  15  0:55  Drone  
  17  0:58  Drone  
  18  1:09  Extractor  
  17  1:13  Spawning Pool  
  17  1:15  Drone  
  17  1:19  Drone  
  18  1:28  Drone  
  19  1:39  Drone  
  20  1:45  Hatchery  
  19  1:49  Drone  
  20  2:00  Queen  
  22  2:03  Drone  
  23  2:09  Queen  
  25  2:15  Overlord  
  25  2:18  Drone  
  25  2:22  Zergling x2  
  27  2:26  Zergling x2  
  28  2:34  Drone x3  
  31  2:39  Queen  
  31  2:43  Metabolic Boost  
  33  2:49  Overlord  
  33  2:52  Drone  
  33  2:55  Drone  
  35  2:59  Drone x2  
  37  3:06  Zergling x4  
  37  3:11  Drone  
  40  3:17  Queen  
  40  3:19  Drone x3  
  45  3:24  Drone x3  
  45  3:26  Drone  
  48  3:27  Spore Crawler  
  48  3:31  Drone x2  
  49  3:34  Spore Crawler  
  49  3:38  Drone  
  49  3:41  Spore Crawler  
  49  3:42  Overlord  
  49  3:45  Drone  
  49  3:49  Zergling x2  
  49  3:52  Overlord  
  50  4:01  Drone  
  53  4:02  Drone x2  
  53  4:03  Drone  
  53  4:04  Drone  
  53  4:05  Drone  
  56  4:11  Queen  
  56  4:14  Drone x2  
  56  4:16  Overlord  
  60  4:17  Drone x3  
  60  4:21  Lair  
  60  4:22  Overlord  
  63  4:26  Zergling x6  
  66  4:34  Extractor, Roach Warren, Drone x2  
  66  4:35  Extractor  
  66  4:36  Drone x3  
  66  4:37  Drone  
  69  4:38  Drone  
  69  4:42  Drone x2  
  69  4:43  Drone  
  72  4:47  Drone  
  72  4:51  Overlord  
  72  4:52  Drone  
  74  4:58  Extractor x2  
  74  4:59  Extractor, Drone x3  
  74  5:03  Overlord  
  74  5:04  Drone x2  
  76  5:13  Drone x4  
  76  5:17  Drone x2  
  76  5:21  Hatchery  
  77  5:23  Overseer, Drone x3  
  77  5:26  Spire  
  77  5:27  Zergling x6  
  82  5:31  Drone  
  82  5:35  Overlord x2  
  83  5:36  Zergling x4  
  83  5:41  Evolution Chamber  
  84  5:43  Glial Reconstitution, Drone  
  85  5:50  Overlord x2  
  85  5:52  Drone x3  
  88  5:57  Overlord  
  88  6:03  Zergling x16, Overseer  
  95  6:04  Extractor  
  95  6:08  Extractor  
  95  6:10  Zerg Melee Weapons Level 1  
  93  6:17  Overseer  
  92  6:30  Drone x2  
  94  6:39  Roach x11  
  116  6:42  Spore Crawler  
  116  6:43  Roach x2  
  116  6:45  Overseer  
  118  6:48  Spine Crawler  
  118  6:49  Roach x8  
  118  6:50  Spine Crawler  
  123  6:54  Roach x2  
  123  6:57  Queen  
  119  7:07  Roach x4  
  110  7:16  Roach x4  
  110  7:18  Roach  
  110  7:19  Roach  
  110  7:22  Roach  
  120  7:26  Roach  
  120  7:27  Roach x2  
  116  7:30  Roach x2  
  116  7:33  Roach  
  116  7:34  Roach  
  108  7:38  Roach x2  
  108  7:41  Roach  
  114  7:49  Roach x5  
  124  7:56  Roach x2  
  124  7:57  Baneling Nest  
  127  8:07  Drone x9  
  127  8:10  Overlord x2  
  136  8:16  Ravager x3  
  136  8:17  Ravager x4  
  143  8:21  Overlord x2  
  143  8:25  Overlord x2  
  140  8:44  Queen x2  
  142  8:55  Overlord  
  142  8:57  Drone x5  
  142  8:58  Drone  
  142  9:01  Roach x7  
  162  9:09  Roach x4  
  170  9:13  Centrifical Hooks  
  168  9:21  Roach  
  168  9:22  Roach x5  
  155  9:31  Roach x7  
  155  9:35  Roach x3  
  166  9:42  Roach x4  
  166  9:44  Ravager x5  
  177  9:47  Ravager x7  
  177  9:48  Ravager  
  177  9:49  Roach  
  177  9:50  Roach  
  189  9:53  Zergling x10  
  189  9:56  Zergling x6  
  191  10:03  Zergling x6  
  183  10:10  Zergling x8  
  189  10:14  Drone x4  
  188  10:21  Zergling x2  
  188  10:22  Zergling x8  
  188  10:25  Zergling x8  
Tags
 
Add a new tag
Caveats
  • Supply blocks, unpowered buildings, or Contaminate may cause inaccurate times.
  • Supply counts are checked every 10 seconds.